 Dungeon Crawl Stone Soup version 0.31-a0-971-g75a2e9a4b4 (webtiles) character file.

Game seed: 8136070308163913129

215000 LadyBoffin the Warrior (level 19, 0/134 HPs)
             Began as a Kobold Hunter on Oct 26, 2023.
             Was an Elder of Zin.
             Fell down a flight of stairs (1 damage)
             ... on level 1 of the Pits of Slime on Oct 28, 2023.
             The game lasted 02:44:19 (32315 turns).

LadyBoffin the Warrior (Kobold Hunter)             Turns: 32315, Time: 02:44:19

Health: 0/134      AC:  3    Str: 10    XL:     19   Next: 73%
Magic:  30/30      EV: 37    Int: 11    God:    Zin [****..]
Gold:   368        SH:  0    Dex: 29    Spells: 18/18 levels left

rFire   . . .        t - +6 arbalest (flame)
rCold   . . .        (shield currently unavailable)
rNeg    + . .        F - +0 steam dragon scales
rPois   .            x - +1 hat {SInv}
rElec   .            E - +2 cloak
rCorr   .            e - +2 pair of gloves
SInv    +            h - +1 pair of boots
Will    +....        G - amulet of regeneration
Stlth   ++           d - ring of Luecosoimu {Wiz rN+ Dex+5}
HPRegen 1.22/turn    r - +4 ring of slaying
MPRegen 0.22/turn

%: wizardry (x1)
@: confused, corroded
A: small, no large weapons, nightstalker 3
}: 1/15 runes: serpentine
a: Renounce Religion, Recite, Vitalisation, Imprison, Donate Gold


You were on level 1 of the Pits of Slime.
You worshipped Zin.
Zin was greatly pleased with you.
You visited 5 branches of the dungeon, and saw 27 of its levels.
You also visited: Ice Cave.

You collected 2498 gold pieces.
You spent 1729 gold pieces at shops.
You donated 401 gold pieces to Zin.

Inventory:

Hand Weapons
 t - a +6 arbalest of flaming (weapon)
Missiles
 a - a throwing net
Armour
 c - a +1 leather armour
 e - a +2 pair of gloves (worn)
 h - a +1 pair of boots (worn)
 x - a +1 hat of see invisible (worn)
 C - a scarf of resistance
 E - a +2 cloak (worn)
 F - +0 steam dragon scales (worn)
Jewellery
 d - the ring of Luecosoimu (left hand) {Wiz rN+ Dex+5}
   (You acquired it on level 2 of the Dungeon)

   [ring of wizardry]

   Wiz:       It improves your spell success rate.
   Dex+5:     It affects your dexterity (+5).
   rN+:       It protects you from negative energy.
 g - an amulet of the acrobat
 m - a ring of willpower
 r - a +4 ring of slaying (right hand)
 G - an amulet of regeneration (around neck)
 R - a ring of magical power
 S - a +6 ring of intelligence
 T - a ring of protection from cold
 U - an amulet of guardian spirit
 Z - the ring of Sloth {rC+ Str+3}
   (You found it in an ice cave)

   [ring of protection from cold]

   Str+3:     It affects your strength (+3).
   rC+:       It protects you from cold.
Wands
 b - a wand of paralysis (9)
 i - a wand of polymorph (22)
 o - a wand of digging (5)
 u - a wand of iceblast (20)
 y - a wand of acid (20)
 A - a wand of flame (26)
 O - a wand of mindburst (5)
Scrolls
 p - a scroll of amnesia
 s - 3 scrolls of silence
 z - 6 scrolls of immolation
 B - 3 scrolls of blinking
 D - 2 scrolls of vulnerability
 H - a scroll of fog
 I - 3 scrolls of teleportation
 K - 2 scrolls of fear
 L - a scroll of revelation
 M - a scroll of butterflies
 X - 2 scrolls of identify
 Y - 2 scrolls of poison
Potions
 f - 3 potions of enlightenment
 j - a potion of brilliance
 k - 2 potions of resistance
 l - 2 potions of might
 n - 2 potions of attraction
 q - 3 potions of magic
 v - 8 potions of curing
 w - 4 potions of ambrosia
 P - a potion of mutation {unknown}
 W - a potion of haste
Miscellaneous
 J - a lightning rod (4/4)
 N - a phial of floods
 V - a phantom mirror


   Skills:
 + Level 19.7 Fighting
 - Level 18.0 Ranged Weapons
 - Level 4.0 Armour
 + Level 19.0 Dodging
 - Level 2.8 Stealth
 * Level 15.9 Invocations
 * Level 12.2 Evocations


You had 18 spell levels left.
You didn't know any spells.
Your spell library contained the following spells:

 Spells                   Type           Power      Damage    Failure   Level
 Freeze                   Ice            0%         1d3       14%         1
 Necrotise                Necr           0%         1d4       14%         1
 Slow                     Hex            0%         N/A       14%         1
 Lesser Beckoning         Tloc           0%         N/A       21%         2
 Poisonous Vapours        Pois/Air       0%         N/A       21%         2
 Static Discharge         Conj/Air       0%         3-3/arc   21%         2
 Confusing Touch          Hex            0%         N/A       38%         3
 Dazzling Flash           Conj/Hex       0%         N/A       38%         3
 Frozen Ramparts          Ice            0%         1d1       38%         3
 Gell's Gravitas          Tloc           0%         N/A       38%         3
 Hailstorm                Conj/Ice       0%         3d3       38%         3
 Inner Flame              Hex/Fire       0%         N/A       38%         3
 Mephitic Cloud           Conj/Pois/Air  0%         N/A       38%         3
 Sigil of Binding         Hex            0%         N/A       38%         3
 Vampiric Draining        Necr           0%         2d6       38%         3
 Airstrike                Air            0%         2d(0-16)  77%         4
 Animate Armour           Summ/Erth      0%         N/A       77%         4
 Cause Fear               Hex            0%         N/A       77%         4
 Dimensional Bullseye     Hex/Tloc       0%         N/A       77%         4
 Flame Wave               Conj/Fire      0%         2d4       77%         4
 Sticky Flame             Conj/Fire      0%         2d3       77%         4
 Summon Ice Beast         Ice/Summ       0%         N/A       77%         4
 Summon Lightning Spire   Summ/Air       0%         N/A       77%         4
 Agony                    Necr           0%         N/A       98%         5
 Alistair's Intoxication  Tmut/Pois      0%         N/A       98%         5
 Borgnjor's Vile Clutch   Necr/Erth      0%         N/A       98%         5
 Freezing Cloud           Conj/Ice/Air   0%         6-21      98%         5
 Silence                  Hex/Air        0%         N/A       98%         5
 Summon Mana Viper        Hex/Summ       0%         N/A       98%         5
 Eringya's Noxious Bog    Tmut/Pois      0%         4d6       100%        6
 Monstrous Menagerie      Summ           0%         N/A       100%        7


Dungeon Overview and Level Annotations

Branches:
Dungeon (15/15)            Temple (0/1) D:7            Lair (5/5) D:11
 Shoals (0/4) Lair:3        Snake (4/4) Lair:3        Slime (1/5) Lair:4
    Orc (2/2) D:11            Elf (0/3) Orc:2        Vaults (0/5) D:13
  IceCv (visited)
 Depths: D:15

Altars:
Ashenzari
Elyvilon
Fedhas
Gozag
Hepliaklqana
Makhleb
Okawaru
Ru
Sif Muna
Yredelemnul
Zin
The Shining One

Shops:
D:7 [   D:10 ![   D:11 (   D:14 (   Orc:2 !!([   Snake:3 [:=   Snake:4 :=:

Annotations:
D:15 Agnes
Lair:2 Gastronok
Lair:5 exclusion: obsidian statue
Snake:3 Asterion


Innate Abilities, Weirdness & Mutations

You are small and have problems with some larger weapons.
You are completely attuned to the shadows.


Message History

You are more confused.
The slime creature hits your butterfly!
Your butterfly dies!
Your butterfly disappears in a burst of colours!
The rockslime closely misses your butterfly.
The golden eye blinks at you. You resist with almost no effort.
The slime creature misses your butterfly.
The acid blob closely misses your butterfly.
In your confused state, you trip and fall back down the stairs.
* * * LOW HITPOINT WARNING * * *
The golden eye blinks at you. You resist with almost no effort.
The golden eye blinks at you.
You are more confused.
The golden eye blinks at you.
You easily resist.
The slime creature jiggles.
The slime creature hits your butterfly!
Your butterfly dies!
Your butterfly disappears in a burst of colours!
The acid blob spits acid at you. The splash of acid hits you!
* * * LOW HITPOINT WARNING * * *
The acid corrodes you! The rockslime closely misses you.
The acid blob hits your butterfly!!!
Your butterfly dies!
Your butterfly disappears in a burst of colours!
The golden eye blinks at you. You resist with almost no effort.
The slime creature hits your butterfly.
Your butterfly dies!
Your butterfly disappears in a burst of colours!
The acid blob spits acid at you. The splash of acid hits you!!
* * * LOW HITPOINT WARNING * * *
The acid corrodes you!
The acid blob hits you but does no damage.
The golden eye blinks!
The rockslime closely misses you.
In your confused state, you trip and fall back down the stairs.
You die...

.........
....J....
...bJ....
.G.JJ....


..b.bb.bb .b.b@JJ.. ..JbJb.bG ...b.bb.. ......G.. ......... You could see 3 acid
blobs, 4 slime creatures, a rockslime and 3 golden eyes.

Vanquished Creatures
  Vashnia (Snake:2)
  A quicksilver dragon (Snake:4)
  7 nagarajas (Snake:4)
  Roxanne (Snake:3)
  Aizul (Snake:1)
  3 azure jellies (IceCv)
  A rockslime (IceCv)
  Louise (Snake:4)
  An ironbound thunderhulk (D:13)
  4 quicksilver oozes (IceCv)
  Nessos (D:15)
  3 dire elephants (Lair:5)
  Azrael (Snake:2)
  An ettin (Orc:2)
  A hydra (Lair:4)
  A vault guard (D:13)
  An ogre mage (D:13)
  5 salamander tyrants
  A catoblepas (Lair:4)
  7 centaur warriors
  4 tengu warriors
  4 two-headed ogres
  7 anacondas
  7 orc high priests (Orc:2)
  2 death yaks (Lair:5)
  18 naga warriors
  13 naga sharpshooters
  9 boulder beetles
  6 shock serpents
  Sonja (Lair:5)
  2 salamander mystics
  A skyshark (Lair:5)
  4 skeletal warriors (D:15)
  5 sea snakes (Snake:1)
  A spectral anaconda (Lair:5)
  2 orange crystal statues (IceCv)
  4 orc knights
  3 naga ritualists
  An orc sorcerer (Orc:2)
  6 deep elf pyromancers
  4 ugly things
  8 mana vipers
  3 necromancers (Lair:5)
  9 cyclopes
  6 manticores
  A merfolk siren (Lair:3)
  33 elephants
  10 naga magi
  37 black mambas
  13 salamanders
  A dire elephant skeleton (Lair:5)
  8 guardian serpents
  17 cane toads
  An unseen horror (D:13)
  A gargoyle (D:12)
  A torpor snail (Lair:4)
  A dire elephant zombie (Lair:5)
  9 komodo dragons
  An unseen horror zombie (D:9)
  An efreet (D:12)
  2 rime drakes
  A tengu conjurer (D:13)
  3 polar bears
  4 trolls
  A queen bee (Lair:2)
  A wolf spider simulacrum (D:13)
  A hornet (Lair:2)
  21 blink frogs
  3 merfolk (Lair:3)
  13 slime creatures
  Grinder (D:3)
  A shadow (D:13)
  Sigmund (D:3)
  55 yaks
  A dire elephant simulacrum (Lair:5)
  5 wraiths
  3 vampires
  3 fire elementals (Snake:2)
  2 humans (D:13)
  5 wyverns
  A hog (shapeshifter) (D:14)
  5 basilisks
  2 golden eyes (Slime:1)
  A death yak simulacrum (Lair:5)
  A steam dragon (Lair:2)
  A golden eye (shapeshifter) (D:12)
  8 vampire mosquitoes
  13 wargs
  34 nagas
  2 spectral cane toads (Lair:5)
  Duvessa (D:4)
  2 hell hounds (Snake:2)
  17 water moccasins
  8 great orb of eyes simulacra (IceCv)
  10 orc warriors
  A hornet zombie (D:9)
  A sky beast (D:7)
  An elephant zombie (Lair:5)
  2 black bears
  10 wolves
  5 ogres
  3 boggarts (D:15)
  22 centaurs
  2 phantoms
  4 slime creature simulacra (IceCv)
  2 kobold brigands
  Blork the orc (D:4)
  13 bullfrogs
  3 cane toad simulacra (Lair:5)
  2 glowing shapeshifter simulacra (IceCv)
  2 gnoll sergeants
  2 scorpions
  6 wights
  Dowan (D:4)
  2 elephant simulacra (Lair:5)
  23 killer bees
  6 electric eels
  5 howler monkeys
  32 orc priests
  5 centaur zombies (D:9)
  8 hounds
  A jelly (D:6)
  13 orc wizards
  6 hell rats (Lair:2)
  2 iguanas (D:7)
  3 howler monkey zombies (D:9)
  8 gnolls
  9 adders
  5 shadow imps
  A white imp (D:6)
  2 worms
  8 dart slugs
  89 orcs
  2 bats
  An endoplasm (D:1)
  4 giant cockroaches
  5 goblins
  A hobgoblin (D:1)
  11 jackals
  3 quokkas
  5 ball pythons
  5 frilled lizards
  13 kobolds
  5 rats
907 creatures vanquished.

Vanquished Creatures (others)
  A golden eye (Slime:1)
1 creature vanquished.

Grand Total: 908 creatures vanquished

Notes
Turn   | Place    | Note
-------+----------+-------------------------------------------
     0 | D:1      | LadyBoffin the Kobold Hunter began the quest for the Orb.
     0 | D:1      | Reached XP level 1. HP: 12/12 MP: 1/1
   144 | D:1      | Reached XP level 2. HP: 17/17 MP: 2/2
   325 | D:1      | Reached XP level 3. HP: 22/22 MP: 3/3
   814 | D:2      | Reached XP level 4. HP: 27/27 MP: 4/4
  1168 | D:2      | Identified the +1 pair of gloves "Maefaezo" {rElec rCorr}
  1603 | D:2      | Identified a scroll of acquirement
  1603 | D:2      | Acquired the ring of Luecosoimu {Wiz rN+ Dex+5}
  1662 | D:3      | Found a transporter.
  1856 | D:3      | Noticed Sigmund
  1950 | D:3      | Found a transporter.
  2076 | D:3      | Noticed Grinder
  2408 | D:3      | Killed Sigmund
  2409 | D:3      | Reached skill level 1 in Armour
  2409 | D:3      | Reached XP level 5. HP: 9/32 MP: 5/5
  2409 | D:3      | Reached XP level 6. HP: 10/37 MP: 6/6
  2577 | D:4      | Noticed Blork the orc
  2729 | D:4      | Killed Blork the orc
  2836 | D:4      | Noticed Dowan
  2841 | D:4      | Noticed Duvessa
  2913 | D:4      | Killed Duvessa
  2914 | D:4      | Reached XP level 7. HP: 12/42 MP: 7/7
  2916 | D:4      | Killed Dowan
  3235 | D:4      | Found a sacrificial altar of Ru.
  3995 | D:5      | Entered Level 5 of the Dungeon
  4144 | D:5      | Reached skill level 10 in Ranged Weapons
  4144 | D:5      | Reached XP level 8. HP: 44/48 MP: 8/8
  4400 | D:5      | Found a white marble altar of Elyvilon.
  5192 | D:3      | Paralysed by Grinder for 2 turns
  5198 | D:3      | Killed Grinder
  5199 | D:3      | Reached skill level 5 in Fighting
  5936 | D:6      | Reached XP level 9. HP: 54/54 MP: 9/9
  6026 | D:6      | Reached skill level 5 in Dodging
  6579 | D:7      | Found a hazy altar of Hepliaklqana.
  6579 | D:7      | Found a shimmering blue altar of Sif Muna.
  6586 | D:7      | Found a glowing silver altar of Zin.
  6598 | D:7      | Found a blossoming altar of Fedhas.
  6601 | D:7      | Found a broken altar of Ashenzari.
  6608 | D:7      | Found an opulent altar of Gozag.
  6623 | D:7      | Became a worshipper of Zin the Law-Giver
  6623 | D:7      | Reached * piety under Zin
  6624 | D:7      | Donated 152 gold pieces to Zin
  6676 | D:7      | Found a staircase to the Ecumenical Temple.
  6715 | D:7      | Reached ** piety under Zin
  7055 | D:7      | Found an iron altar of Okawaru.
  7114 | D:7      | Found a burning altar of Makhleb.
  7116 | D:7      | Noticed a green death
  7117 | D:7      | Noticed an orange demon
  7117 | D:7      | Noticed a hellwing
  7225 | D:7      | Found Naelobu's Antique Armour Shoppe.
  7231 | D:7      | Bought a runed hat for 189 gold pieces
  7362 | D:8      | Reached *** piety under Zin
  7592 | D:8      | Reached XP level 10. HP: 27/61 MP: 10/10
  8368 | D:9      | Identified the "Uruur"
  8477 | D:9      | Reached skill level 1 in Invocations
  8922 | D:9      | Noticed a centaur warrior
  9008 | D:9      | Found a basalt altar of Yredelemnul.
  9354 | D:9      | Acquired a +2 arbalest of flaming
  9548 | D:9      | Reached **** piety under Zin
  9718 | D:10     | Entered Level 10 of the Dungeon
  9923 | D:10     | Reached XP level 11. HP: 69/69 MP: 13/13
 10352 | D:10     | Noticed a two-headed ogre
 10357 | D:10     | Killed a two-headed ogre
 10527 | D:10     | Found Noenydyz's Armour Shop.
 10532 | D:10     | Bought a +1 cloak for 149 gold pieces
 10564 | D:10     | Found Xuc Rauw's Distillery.
 11044 | D:11     | Identified the staff "Istel" {*Slow rElec rN+ Dex+2 Summ
                  | Necro}
 11062 | D:11     | Noticed a cyan ugly thing
 11065 | D:11     | Noticed a manticore
 11072 | D:11     | Killed a cyan ugly thing
 11073 | D:11     | Reached skill level 5 in Invocations
 11076 | D:11     | Killed a manticore
 11090 | D:11     | Noticed a cyclops
 11113 | D:11     | Reached skill level 1 in Evocations
 11113 | D:11     | Killed a cyclops
 11256 | D:11     | Reached skill level 15 in Ranged Weapons
 11276 | D:11     | Reached ***** piety under Zin
 11322 | D:11     | Found a staircase to the Lair.
 11453 | D:11     | Noticed a cyclops
 11457 | D:11     | Killed a cyclops
 11603 | D:11     | Found a staircase to the Orcish Mines.
 11607 | D:11     | Found Iqoexarash's Weapon Shoppe.
 11608 | D:11     | Noticed an orc knight
 11619 | D:11     | Killed an orc knight
 11620 | D:11     | Reached skill level 10 in Fighting
 11630 | D:11     | Reached XP level 12. HP: 38/77 MP: 16/16
 11830 | D:11     | Reached skill level 10 in Dodging
 12098 | Lair:5   | Identified the "Waicri"
 12098 | Orc:1    | Entered Level 1 of the Orcish Mines
 12329 | Orc:2    | Entered Level 2 of the Orcish Mines
 12471 | Orc:2    | Reached ****** piety under Zin
 12562 | Orc:2    | Noticed an orc high priest
 12566 | Orc:2    | Killed an orc high priest
 12568 | Orc:2    | Noticed an orc high priest
 12574 | Orc:2    | Killed an orc high priest
 12662 | Orc:2    | Noticed an orc high priest
 12665 | Orc:2    | Killed an orc high priest
 12734 | Orc:2    | Noticed an orc high priest
 12738 | Orc:2    | Killed an orc high priest
 12775 | Orc:2    | Found Joily's Distillery.
 12781 | Orc:2    | Bought a potion of curing for 39 gold pieces
 12870 | Orc:2    | Noticed an ettin
 12872 | Orc:2    | Killed an ettin
 12913 | Orc:2    | Found a staircase to the Elven Halls.
 12961 | Orc:2    | Noticed an orc warlord
 13347 | Orc:2    | Noticed an orc high priest
 13350 | Orc:2    | Killed an orc high priest
 13351 | Orc:2    | Reached XP level 13. HP: 84/84 MP: 18/18
 13375 | Orc:2    | Found Vesam's Antique Armour Boutique.
 13382 | Orc:2    | Found Viobbuwn's Antique Weapon Shoppe.
 13560 | Orc:2    | Bought a pair of gloves for 130 gold pieces
 13585 | Orc:2    | HP: 1/84 [orc warlord/+3 long sword (25)]
 14519 | Lair:1   | Entered Level 1 of the Lair of Beasts
 15931 | Lair:2   | Noticed Gastronok
 17332 | Lair:3   | Found a staircase to the Snake Pit.
 17490 | Lair:3   | Reached XP level 14. HP: 92/92 MP: 21/21
 17791 | Lair:3   | Reached skill level 10 in Invocations
 17998 | Lair:3   | Found a staircase to the Shoals.
 18603 | Lair:4   | Found a staircase to the Slime Pits.
 19337 | Lair:5   | Entered Level 5 of the Lair of Beasts
 19534 | Lair:5   | Noticed Sonja
 19541 | Lair:5   | Killed Sonja
 19698 | Lair:5   | Reached XP level 15. HP: 83/101 MP: 23/23
 20000 | Lair:5   | Identified the +9 morningstar "Uzaptal" {freeze, rPois rN+
                  | Int+7 Dex-2}
 20157 | Lair:5   | Reached skill level 15 in Dodging
 20229 | Lair:5   | Reached skill level 5 in Evocations
 20297 | Lair:5   | Identified the staff of Ambiguity {Fly rF+ rC+ rCorr Int+3
                  | Ice}
 20336 | Lair:5   | Reached skill level 15 in Fighting
 21313 | Orc:2    | HP: 5/103 [orc warlord/+3 long sword (29)]
 21840 | Orc:2    | Found Sitt's Distillery.
 22570 | D:12     | Found a glowing golden altar of the Shining One.
 23383 | D:13     | Reached XP level 16. HP: 110/110 MP: 24/24
 23970 | D:13     | Found a gate to the Vaults.
 25239 | D:14     | Found Boavaac's Antique Weapon Emporium.
 25583 | D:15     | Entered Level 15 of the Dungeon
 25750 | D:15     | Noticed Nessos
 25755 | D:15     | Killed Nessos
 25930 | D:15     | Identified the +1 whip of Conscience {chaos, rElec}
 26245 | D:15     | Upgraded the game from 0.31-a0-965-g8a8ce12e04 to
                  | 0.31-a0-971-g75a2e9a4b4
 26464 | D:15     | Noticed Agnes
 26892 | Orc:2    | Bought a potion of curing for 39 gold pieces
 26892 | Orc:2    | Bought a potion of curing for 39 gold pieces
 26901 | Orc:2    | Bought a potion of heal wounds for 65 gold pieces
 26901 | Orc:2    | Bought a potion of curing for 39 gold pieces
 26901 | Orc:2    | Bought a potion of curing for 39 gold pieces
 26901 | Orc:2    | Bought a potion of heal wounds for 65 gold pieces
 26901 | Orc:2    | Bought a potion of curing for 39 gold pieces
 26901 | Orc:2    | Bought a potion of curing for 39 gold pieces
 27092 | Snake:1  | Entered Level 1 of the Snake Pit
 27108 | Snake:1  | Found a frozen archway.
 27128 | IceCv    | Entered an ice cave
 27260 | IceCv    | Noticed an azure jelly
 27263 | IceCv    | Noticed an azure jelly
 27266 | IceCv    | Killed an azure jelly
 27273 | IceCv    | Killed an azure jelly
 27279 | IceCv    | Found a viscous altar of Jiyva.
 27282 | IceCv    | Noticed an azure jelly
 27282 | IceCv    | Noticed a rockslime
 27294 | IceCv    | Got the ring of Sloth {rC+ Str+3}
 27314 | IceCv    | Killed an azure jelly
 27371 | IceCv    | Killed a rockslime
 27372 | IceCv    | Reached XP level 17. HP: 81/118 MP: 10/26
 28079 | Snake:1  | Identified the serpent talisman "Mahaplum" {rC+ Str+4 Dex-3
                  | Slay+2}
 28079 | Snake:1  | Noticed Aizul
 28088 | Snake:1  | Killed Aizul
 28887 | Snake:2  | Reached skill level 10 in Evocations
 28887 | Snake:2  | Reached XP level 18. HP: 125/125 MP: 28/28
 29037 | Snake:2  | Identified the staff of Distant Shores {Fly rF+ rC- Str+2
                  | Conj}
 29122 | Snake:2  | Found a broken altar of Ashenzari.
 29251 | Snake:2  | Noticed Vashnia
 29544 | Snake:2  | Killed Vashnia
 29737 | Snake:2  | Noticed Azrael
 29751 | Snake:2  | Killed Azrael
 29993 | Snake:3  | Noticed Asterion
 30125 | Snake:3  | Found Miekla's Jewellery Boutique.
 30126 | Snake:3  | Found Ihilodwi's Book Shop.
 30127 | Snake:3  | Found Yjegus's Armour Boutique.
 30131 | Snake:3  | Bought a +4 ring of slaying for 858 gold pieces
 30315 | Snake:3  | Noticed Roxanne
 30328 | Snake:3  | Killed Roxanne
 30366 | Snake:4  | Entered Level 4 of the Snake Pit
 30468 | Snake:4  | Found Nire's Book Boutique.
 30468 | Snake:4  | Found Tuibic's Book Boutique.
 30469 | Snake:4  | Found Qedoaj's Jewellery Emporium.
 30513 | Snake:4  | Noticed Louise
 30523 | Snake:4  | Killed Louise
 30544 | Snake:4  | Reached skill level 15 in Invocations
 30654 | Snake:4  | Reached XP level 19. HP: 132/132 MP: 30/30
 32064 | Snake:4  | Got a serpentine rune of Zot
 32297 | Shoals:1 | Identified the "Ferefexo"
 32297 | Shoals:4 | Identified the of Puschymi
 32297 | Vaults:5 | Identified the "Ishraot"
 32297 | WizLab   | Identified the "Rucacuent"
 32297 | Crypt:3  | Identified the "Cephen"
 32297 | Crypt:3  | Identified the of Mig Gaics
 32297 | Elf:2    | Identified the "Fibokoh"
 32297 | Elf:3    | Identified the of Giwog
 32297 | Elf:3    | Identified the "Lyol"
 32297 | Slime:1  | Entered Level 1 of the Pits of Slime
 32314 | Slime:1  | HP: 1/134 [acid blob/splash of acid (19)]
 32315 | Slime:1  | Fell down a flight of stairs

Illustrated notes

Levels and vault maps discovered:
D:1:      dpeg_arrival_pits, layout_loops_ring, serial_bayou_crossing
D:2:      layout_loops_corners
D:3:      gammafunk_wand_slinger, layout_basic, minmay_misc_feat_tower,
          uniq_sigmund, uniq_grinder
D:4:      layout_basic, nicolae_ru_great_annihilating_truth, nicolae_half_adder,
          uniq_blork_the_orc, uniq_duvessa
D:5:      layout_loops_corners, elyvilon_altar_1
D:6:      layout_rooms
D:7:      layout_basic, makhleb_altar_promises_db, kennysheep_mini,
          minmay_overflow_temple_hex, minmay_temple_entry_large_hall,
          serial_shops, nicolae_lakefront_shop
D:8:      layout_loops_ring
D:9:      layout_gridville, nicolae_yredelemnul_corpse_copse, special_room
          [special_room_orc], minivault_11, lightli_corner_chamber
D:10:     layout_small_grid, serial_shops, shop, nicolae_shop_crystal
D:11:     layout_rooms, erik_lair_orcish_takeover, orc_david_3
D:12:     minmay_slanted_spiral_squares, layout_basic, tso_metal_star
D:13:     minmay_the_grid_triangle_9x9_rhombus_thin
          [minmay_the_grid_triangle_9x9_windchime,
          minmay_the_grid_triangle_9x9_prize_top_heavy,
          minmay_the_grid_triangle_9x9_skeleton,
          minmay_the_grid_triangle_9x9_swiss_cheese], layout_gridville,
          hellmonk_vaults_keyhole
D:14:     layout_loops_cross, serial_shops, nicolae_shop_waterfront,
          hangedman_decor_diamond_cutter
D:15:     gammafunk_enter_depths_forms, layout_loops_corners,
          serial_bayou_shore_a, uniq_nessos, uniq_agnes
Lair:1:   layout_chaotic_city, grunt_megastairs_2, infiniplex_staircase_pool
Lair:2:   layout_roguey, special_room [special_room_bee], grunt_megastairs_5,
          serial_bayou_shore_b, infiniplex_staircase_pool_2, lemuel_fruit_tree,
          uniq_gastronok
Lair:3:   layout_regular_city, elwin_shoals_entry_stream, dummy_snake_entry,
          st_stairs_11, lemuel_fruit_fields, serial_bayou_shore_b
Lair:4:   nzn_winding_woodlands_cross
          [nzn_winding_woodlands_5x15_river_crossing,
          nzn_winding_woodlands_5x15_pool, nzn_winding_woodlands_5x15_eye,
          nzn_winding_woodlands_5x15_sawtooth,
          nzn_winding_woodlands_15x15_eel_pit], layout_regular_city,
          slime_entry_1
Lair:5:   due_jungle_book, layout_loops_ring, uniq_sonja
Snake:1:  layout_basic, portal_ice_cave_entry_pillars_three, grunt_megastairs_4,
          uniq_aizul
Snake:2:  layout_cave_shapes, basic_altar, uniq_azrael, uniq_vashnia
Snake:3:  layout_onion, grunt_ministairs_3, nicolae_snake_salamander_fort,
          minmay_shop_star, uniq_roxanne, uniq_asterion
Snake:4:  hellmonk_snake_rune_quicksilver_temple, layout_onion,
          minmay_shop_grove, grunt_megastairs_3, uniq_louise
Slime:1:  layout_caves
Orc:1:    layout_caves, basic_altar
Orc:2:    st_orc_town, layout_caves, basic_altar

Skill      XL: |  1  2  3  4  5  6  7  8  9 10 11 12 13 14 15 16 17 18 19 |
---------------+----------------------------------------------------------+-----
Ranged Weapons | 6 8 9 10 11 13 14 15 17 18 | 18.0
Fighting       | 3 4 5 6 8 10 11 12 14 16 17 18 19 | 19.7
Armour         | 1 2 3 4 |  4.0
Stealth        | 2 |  2.8
Dodging        | 3 4 6 8 9 11 12 14 15 17 18 19 | 19.0
Invocations    | 3 5 7 9 10 11 12 13 15 | 15.9
Evocations     | 1 4 6 9 10 11 12 | 12.2

Action                     |  1- 3 |  4- 6 |  7- 9 | 10-12 | 13-15 | 16-18 | 19-21 || total
---------------------------+-------+-------+-------+-------+-------+-------+-------++-------
   Fire: Shortbow          |    83 |   110 |   301 |   241 |       |       |       ||   735
         Orcbow            |       |       |     9 |       |       |       |       ||     9
         Arbalest          |       |       |       |   339 |   900 |   728 |   264 ||  2231
 Invoke: Donate Gold       |       |       |     1 |       |       |       |       ||     1
         Recite            |       |       |       |     6 |     3 |    12 |     1 ||    22
         Vitalisation      |       |       |       |     3 |       |     8 |       ||    11
         Sanctuary         |       |       |       |     1 |     3 |     4 |       ||     8
         Imprison          |       |       |       |       |       |     4 |       ||     4
  Evoke: Wand              |       |       |       |     2 |       |     1 |       ||     3
         Lightning rod     |       |       |       |       |       |     6 |       ||     6
         Phial of floods   |       |       |       |       |       |     1 |       ||     1
         Phantom mirror    |       |       |       |       |       |     1 |       ||     1
    Use: Scroll            |       |    10 |     5 |    11 |     8 |     5 |     1 ||    40
         Potion            |       |     4 |     1 |     3 |       |    10 |     2 ||    20
 Armour: Leather armour    |    17 |    23 |    58 |   144 |    44 |       |       ||   286
         Skin              |       |     5 |    25 |       |       |       |       ||    30
         Steam dragon scal |       |       |       |       |   164 |   234 |    49 ||   447
  Dodge: Dodged            |    25 |    48 |   104 |   430 |   744 |   779 |   183 ||  2313

Table legend: (Time is in decaauts)
 A = Elapsed time spent in this place.
 B = Non-inter-level travel time spent in this place.
 C = Inter-level travel time spent in this place.
 D = Time resting spent in this place.
 E = Time spent auto-exploring this place.
 F = Levels seen in this place.
 G = Mean time per level.
                   A        B        C        D        E       F      G
               +--------+--------+--------+--------+--------+-----+--------+
         Total |  32370 |  29262 |   3108 |   4414 |  15744 |  28 | 1156.1 |
       Dungeon |  17012 |  15623 |   1389 |   2013 |  10352 |  15 | 1134.1 |
          Lair |   6793 |   6058 |    735 |    537 |   2674 |   5 | 1358.6 |
     Snake Pit |   4605 |   4202 |    403 |    691 |   2119 |   4 | 1151.2 |
    Slime Pits |     17 |     17 |      0 |      0 |      0 |   1 |   17.0 |
  Orcish Mines |   3358 |   2779 |    579 |   1081 |    464 |   2 | 1679.0 |
      Ice Cave |    582 |    582 |      0 |     92 |    135 |   1 |  582.0 |
               +--------+--------+--------+--------+--------+-----+--------+

Top non-repeatable levels by time:
   Orc:2: 3016 daAuts
 Snake:4: 1849 daAuts
     D:3: 1578 daAuts
  Lair:5: 1568 daAuts
     D:4: 1516 daAuts
  Lair:2: 1497 daAuts
 Snake:1: 1394 daAuts
  Lair:4: 1364 daAuts
    D:10: 1353 daAuts
     D:9: 1323 daAuts
    D:13: 1275 daAuts
  Lair:3: 1236 daAuts
    D:11: 1225 daAuts
     D:5: 1161 daAuts
  Lair:1: 1127 daAuts
